 Dungeon Crawl Stone Soup version 0.27.1-35-g4d5d836560 (webtiles) character file.

Game seed: 3181521226571176373

3064 Cordhil the Summoner (level 9, 0/47 HPs)
             Began as a Tengu Summoner on Jan 28, 2022.
             Was an Initiate of Gozag.
             Killed from afar by a gargoyle (15 damage)
             ... with a stone arrow
             ... on level 8 of the Dungeon on July 21, 2022.
             The game lasted 04:59:50 (7474 turns).

Cordhil the Summoner (Tengu Summoner)               Turns: 7474, Time: 04:59:50

Health: 0/47       AC:  3    Str: 15    XL:     9   Next: 88%
Magic:  16/19      EV: 18    Int: 19    God:    Gozag
Gold:   920        SH:  0    Dex: 14    Spells: 3/20 levels left

rFire    . . .     SeeInvis .   f - +4 mace (freeze)
rCold    . . .     Faith    .   (no shield)
rNeg     + . .     Spirit   .   I - +0 robe {rN+}
rPois    .         Reflect  .   (helmet restricted)
rElec    .         Harm     .   Q - +0 cloak
rCorr    .         Rampage  .   (no gloves)
Will     +....                  (boots unavailable)
Stlth    +++.......             (no amulet)
HPRegen  0.15/turn              w - +6 ring of strength
MPRegen  0.16/turn              D - ring of willpower

@: swift, flying quickly and evasively, very quick
A: beak, talons 3, nimble flight
a: Renounce Religion, Potion Petition, Call Merchant, Bribe Branch


You were on level 8 of the Dungeon.
You worshipped Gozag.
Gozag was pleased with you.
You visited 2 branches of the dungeon, and saw 9 of its levels.

You collected 1008 gold pieces.
You paid 88 gold pieces to Gozag.

Inventory:

Hand Weapons
 a - a +2 dagger of electrocution
 f - a +4 mace of freezing (weapon)
 g - a +4 spear of venom
 k - a +4 hunting sling of flaming
 s - a +3 rapier of speed
 z - the +3 battleaxe of the Thing {drain, *Rage Fragile rElec Will+++}
   (You found it on level 8 of the Dungeon)

   A truly terrible weapon, it drains the life of any living foe it strikes.
   rElec:     It insulates you from electricity.
   *Rage:     It may make you go berserk in combat.
   Fragile:   It will be destroyed if unequipped.
   Will:      It greatly increases your willpower.
 M - a +2 dire flail
 N - a +2 hand axe of freezing
 O - a +2 short sword
Missiles
 j - 22 bolts
 n - 136 stones
 u - 12 boomerangs
 y - 108 arrows
 B - 44 sling bullets
 H - 22 poisoned darts
Armour
 l - a +0 robe of resistance
 I - a +0 robe of positive energy (worn)
 Q - a +0 cloak (worn)
Magical Staves
 t - a staff of death
Jewellery
 w - a +6 ring of strength (left hand)
 D - a ring of willpower (right hand)
 T - a ring of protection from fire
Wands
 c - a wand of flame (46)
 F - a wand of charming (7)
 S - a wand of acid (2)
Scrolls
 b - a scroll of summoning {unknown}
 e - 2 scrolls of magic mapping {unknown}
 i - a scroll of teleportation {unknown}
 m - 2 scrolls of noise {unknown}
 o - a scroll of immolation {unknown}
 p - 4 scrolls of enchant armour {unknown}
 q - a scroll of amnesia {unknown}
 r - 3 scrolls of blinking {unknown}
 v - a scroll of vulnerability {unknown}
 x - a scroll of fear {unknown}
 A - a scroll of silence {unknown}
 J - 2 scrolls of enchant weapon {unknown}
 R - a scroll of fog {unknown}
 U - a scroll of identify
Potions
 d - a potion of resistance
 h - a potion of haste
 K - a potion of mutation
 P - a potion of might {unknown}


   Skills:
 + Level 1.0 Fighting
 + Level 0.0 Maces & Flails
 + Level 1.1 Polearms
 + Level 1.1 Armour
 + Level 6.9 Dodging
 - Level 6.7 Stealth
 - Level 6.1 Spellcasting
 - Level 10.6 Summonings
 + Level 3.6 Necromancy
 + Level 8.1 Air Magic


You had 3 spell levels left.
You knew the following spells:

 Your Spells              Type           Power      Damage    Failure   Level
a - Summon Small Mammal   Summ           100%       N/A       1%          1
b - Call Imp              Summ           46%        N/A       1%          2
c - Call Canine Familiar  Summ           46%        N/A       1%          3
d - Swiftness             Air            36%        N/A       1%          3
e - Summon Lightning Spi  Summ/Air       41%        N/A       2%          4
f - Airstrike             Air            18%        N/A       4%          4

Your spell library contained the following spells:

 Spells                   Type           Power      Damage    Failure   Level
 Shock                    Conj/Air       84%        1d8       1%          1
 Animate Skeleton         Necr           38%        N/A       2%          1
 Pain                     Necr           76%        1d7       2%          1
 Sublimation of Blood     Necr           9%         N/A       3%          2
 Summon Guardian Golem    Hex/Summ       26%        N/A       3%          3
 Vampiric Draining        Necr           9%         2d7       8%          3
 Wereblood                Tmut           5%         N/A       17%         2
 Dazzling Flash           Conj/Hex       10%        N/A       32%         3
 Silence                  Hex/Air        10%        N/A       50%         5
 Agony                    Necr           19%        N/A       56%         5
 Summon Hydra             Summ           23%        N/A       75%         7


Dungeon Overview and Level Annotations

Branches:
Dungeon (8/15)             Temple (1/1) D:7
   Lair: D:8-11

Altars:
Cheibriados
Elyvilon
Gozag
Kikubaaqudgha
Makhleb
Okawaru
Qazlal
Ru
Sif Muna
Trog
Uskayaw
Vehumet
Wu Jian
Xom
Yredelemnul
Zin
The Shining One

Shops:
D:6 *

Annotations:
D:8 exclusions: centaur warrior and manticore, Maggie


Innate Abilities, Weirdness & Mutations

You have a beak for a mouth.
You have claws for feet.
Your magical nature lets you fly swiftly and evasively.


Message History

Maggie attempts to bespell you! You resist with almost no effort.
There is a stone staircase leading up here.
Maggie mumbles some strange words.
Maggie attempts to bespell you!
You are mesmerised by Maggie!
You fly upwards.
There is a stone staircase leading down here.
Magic restored.
There is a stone staircase leading down here.
You fly downwards.
Level annotation: exclusions: centaur warrior and manticore, Maggie The gargoyle misses you.
There is a stone staircase leading up here.
Press: ? - help, v - describe, . - travel
Here: a gargoyle, wielding a +1 mace of protection The floor.
Press: ? - help, v - describe, . - travel
Here: a gargoyle, wielding a +1 mace of protection The floor.
Your +4 spear of venom stops dripping with poison.
Your +4 mace of freezing glows with a cold blue light!
f - a +4 mace of freezing (weapon)
The gargoyle hurls a stone arrow at you.
The stone arrow hits you!
You hit the gargoyle but do no damage. Your kick misses the gargoyle.
Your peck misses the gargoyle. The gargoyle closely misses you.
You hit the gargoyle but do no damage. The gargoyle barely misses you.
You hit the gargoyle but do no damage. You claw the gargoyle.
The gargoyle is moderately damaged.
The gargoyle hits you with a +1 mace of protection!!
The gargoyle closely misses you.
Cast which spell? (? or * to list)
You feel quick.
The gargoyle hurls a stone arrow at you.
The stone arrow hits you!
You die...
Your body crumbles into a pile of gold.

.......## ...##...## ...#.....##
..#..##...# .###......# ###
..........# ##### #######.##
..........# #...# ####..##....#
#........######...###.#..........
#........#.#.##.@###.....#.......
...###...#.......9.##....#.......
....##.##...........#............
##.....##...........#............
###.##..#.........#.....≈≈≈≈≈.≈≈≈
#.................#.....≈≈≈≈≈.≈≈≈
##........)#..##..#.....≈≈≈≈≈.≈≈≈
>##...##.###...#....#...≈≈≈≈≈.≈≈≈
.#.....### #........>.........≈≈≈


You could see a gargoyle.

Vanquished Creatures
  An ugly thing (D:7)
  Joseph (D:7)
  A kobold demonologist (D:8)
  Sigmund (D:3)
  An ice beast (D:7)
  A necrophage (D:6)
  An ogre (D:4)
  Blork the orc (D:5)
  A water moccasin skeleton (D:6)
  A wight (D:7)
  An electric eel (D:8)
  3 hounds
  2 centaur skeletons
  2 gnoll shamans (D:7)
  Jessica (D:3)
  An iguana (D:7)
  A hound skeleton (D:4)
  A howler monkey zombie (D:6)
  A gnoll (D:7)
  An orc (D:8)
  A ball python (D:4)
  2 endoplasms
  A goblin (D:3)
  3 hobgoblins
  2 kobolds
  3 quokkas
  2 bats
  3 rats
41 creatures vanquished.

Vanquished Creatures (collateral kills)
  A vampire mosquito (D:7)
  An orc warrior (D:7)
  A black bear (D:6)
  3 sky beasts
  A necrophage (D:6)
  2 ogres
  A centaur (D:6)
  3 gnoll sergeants (D:7)
  2 water moccasin zombies (D:6)
  A wyvern zombie (D:6)
  A water moccasin skeleton (D:5)
  8 wights (D:7)
  3 howler monkeys (D:7)
  2 bullfrog zombies (D:6)
  5 hounds (D:7)
  A centaur skeleton (D:6)
  3 centaur zombies (D:6)
  A gnoll shaman (D:7)
  2 bullfrog skeletons
  3 orc wizards
  15 gnolls (D:7)
  4 adders
  A shadow imp (D:5)
  An ufetubus (D:7)
  An adder skeleton (D:4)
  3 worms
  3 dart slugs
  7 orcs
  8 endoplasms
  5 goblins
  5 hobgoblins
  9 jackals
  2 quokkas
  3 ball pythons
  7 kobolds
  A quokka skeleton (D:4)
  7 rats
127 creatures vanquished.

Vanquished Creatures (others)
  A bullfrog (D:7)
1 creature vanquished.

Grand Total: 169 creatures vanquished

Notes
Turn   | Place    | Note
-------+----------+-------------------------------------------
     0 | D:1      | Cordhil the Tengu Summoner began the quest for the Orb.
     0 | D:1      | Reached XP level 1. HP: 10/10 MP: 4/4
   150 | D:1      | Reached skill level 5 in Summonings
   254 | D:1      | Reached XP level 2. HP: 15/15 MP: 3/6
   679 | D:1      | Learned a level 2 spell: Call Imp
  1000 | D:2      | Found a shimmering altar of Xom.
  1175 | D:2      | Reached XP level 3. HP: 16/19 MP: 3/7
  1358 | D:2      | Found a faded altar of an unknown god.
  1599 | D:3      | Noticed Sigmund
  1701 | D:3      | Learned a level 3 spell: Call Canine Familiar
  1702 | D:3      | Found a white marble altar of Elyvilon.
  1711 | D:3      | Found an ornate altar of the Wu Jian Council.
  1725 | D:3      | Became a worshipper of Elyvilon the Healer
  1871 | D:3      | Noticed Jessica
  2218 | D:3      | Reached skill level 6 in Summonings
  2218 | D:3      | Reached XP level 4. HP: 24/24 MP: 2/9
  2449 | D:3      | Killed Jessica
  2450 | D:3      | Reached skill level 1 in Air Magic
  2482 | D:4      | Reached * piety under Elyvilon
  2511 | D:4      | Noticed an ogre
  2554 | D:4      | Found a basalt altar of Yredelemnul.
  2867 | D:4      | Reached skill level 5 in Dodging
  2867 | D:4      | Reached skill level 5 in Stealth
  2867 | D:4      | Reached skill level 5 in Spellcasting
  2867 | D:4      | Reached skill level 10 in Summonings
  2867 | D:4      | Gained mutation: Your magical nature lets you fly swiftly
                  | and evasively. [Tengu growth]
  2867 | D:4      | Reached XP level 5. HP: 6/28 MP: 9/13
  2886 | D:4      | Killed an ogre
  2887 | D:4      | Reached XP level 6. HP: 9/32 MP: 8/14
  3040 | D:3      | Learned a level 3 spell: Swiftness
  3133 | D:3      | Killed Sigmund
  3180 | D:5      | Entered Level 5 of the Dungeon
  3208 | D:4      | Reached XP level 7. HP: 36/36 MP: 10/15
  3757 | D:5      | Noticed Blork the orc
  3758 | D:5      | Found an iron altar of Okawaru.
  3771 | D:5      | Killed Blork the orc
  3790 | D:5      | Found a bloodstained altar of Trog.
  3790 | D:5      | Found a glowing golden altar of the Shining One.
  3790 | D:5      | Found a burning altar of Makhleb.
  3801 | D:5      | Found an ancient bone altar of Kikubaaqudgha.
  3801 | D:5      | Found an opulent altar of Gozag.
  3819 | D:5      | Fell from the grace of Elyvilon
  3819 | D:5      | Became a worshipper of Gozag Ym Sagoz the Greedy
  4040 | D:6      | Reached XP level 8. HP: 33/41 MP: 12/17
  4122 | D:6      | Reached skill level 1 in Necromancy
  4163 | D:6      | Found Xentonn's Mass Market.
  4565 | D:6      | Learned a level 4 spell: Summon Lightning Spire
  4795 | D:7      | Noticed Joseph
  4882 | D:7      | Upgraded the game from 0.27.1-34-g3ba077fa99 to
                  | 0.27.1-35-g4d5d836560
  4980 | D:7      | Found a staircase to the Ecumenical Temple.
  5440 | D:7      | Reached XP level 9. HP: 35/45 MP: 13/18
  5834 | D:7      | HP: 1/45 [acid (15)]
  5851 | D:8      | Noticed a kobold demonologist
  6083 | D:8      | Noticed a manticore
  6086 | D:8      | Noticed a five-headed hydra
  6328 | Temple   | Entered the Ecumenical Temple
  6577 | D:7      | Killed Joseph
  6625 | D:7      | Learned a level 4 spell: Airstrike
  6759 | D:8      | Noticed Maggie
  6922 | D:8      | Noticed a gargoyle
  6926 | D:8      | Noticed a centaur warrior
  6929 | D:8      | Identified the +3 battleaxe of the Thing {drain, *Rage
                  | Fragile rElec Will+++}
  7329 | D:8      | Noticed a green ugly thing
  7343 | D:8      | Killed a kobold demonologist
  7368 | D:7      | Killed a cyan ugly thing
  7369 | D:7      | Reached skill level 1 in Fighting
  7369 | D:7      | Reached skill level 1 in Polearms
  7369 | D:7      | Reached skill level 1 in Armour
  7474 | D:8      | Killed from afar by a gargoyle

Illustrated notes

Levels and vault maps discovered:
D:1:      minmay_arrival_diagonal_passages, layout_basic,
          chequers_serial_rivers_marsh
D:2:      layout_basic, basic_altar, hellmonk_ecumenical_altar_inner_sanctum
D:3:      layout_basic, minitemple, uniq_sigmund, uniq_jessica
D:4:      layout_rooms, mainiacjoe_overflow_brackets
D:5:      layout_loops_ring, minmay_overflow_temple_hex, uniq_blork_the_orc
D:6:      layout_basic, serial_undead, serial_undead_f, serial_undead_b,
          serial_undead_a, serial_undead_e, minmay_shop_mass
D:7:      layout_cave_pools, minmay_temple_entry_sparse_star, serial_gnoll_camp,
          gnoll_camp_mini_hut, gnoll_camp_medium_01, gnoll_camp_mini_doghouse,
          gnoll_camp_mini_house, gnoll_camp_mini_house, gnoll_camp_mini_house,
          kennysheep_generic_room_10, uniq_joseph
D:8:      minmay_cut_squares, layout_cave_pools, gammafunk_ghost_smash,
          minivault_14, uniq_maggie, uniq_pikel
Temple:   nicolae_temple_x_marks_the_god

Skill      XL: |  1  2  3  4  5  6  7  8  9 |
---------------+----------------------------+-----
Summonings     | 5 6 10 | 10.6
Air Magic      | 6 7 8 |  8.1
Dodging        | 5 6 |  6.9
Stealth        | 5 6 |  6.7
Spellcasting   | 5 6 |  6.1
Necromancy     | 2 3 |  3.6
Fighting       | 1 |  1.0
Polearms       | 1 |  1.1
Armour         | 1 |  1.1

Action                   |  1- 3 |  4- 6 |  7- 9 || total
-------------------------+-------+-------+-------++-------
Melee: Dagger            |    26 |    15 |    40 ||    81
       Kick              |     7 |     4 |     9 ||    20
       Peck              |     3 |     3 |     4 ||    10
       Trident           |       |     3 |     8 ||    11
       Spear             |       |       |    41 ||    41
       Mace              |       |       |     5 ||     5
Throw: Dart              |       |       |     4 ||     4
 Cast: Summon Small Mamm |    83 |    14 |    18 ||   115
       Call Imp          |     1 |       |    19 ||    20
       Call Canine Famil |       |     4 |    39 ||    43
       Swiftness         |       |     1 |     6 ||     7
       Summon Lightning  |       |       |     6 ||     6
       Airstrike         |       |       |     5 ||     5
Evoke: Wand              |       |       |    11 ||    11
  Use: Potion            |       |     1 |     5 ||     6
       Scroll            |       |       |     7 ||     7
 Stab: Sleeping          |     3 |     3 |     5 ||    11
       Distracted        |     1 |       |     1 ||     2
Armor: Robe              |     3 |     2 |     5 ||    10
       Skin              |       |       |    30 ||    30
Dodge: Dodged            |    19 |    27 |    47 ||    93
